Jets vs Wild

Created - 31 octobre 2017 at 15:55

Goals
1 2 3 T
Jets 2 2 2 6
Wild 1 2 1 4
Shots
1 2 3 T
Jets 8 11 12 31
Wild 16 7 10 33

1st period

1. Jets , Mark Fraser 1 (Brent Aubin 10, Tomas Surovy 3) at 2:49
2. Jets , Tyler Ennis 5 (Ryan Ellis 4, Marc-Edouard Vlasic 5) at 11:43 (PP)
3. Wild , Matt Duchene 4 (Jason Pominville 7) at 19:45

Penalties :
Tyler Ennis (WIN) for Tripping (Minor) at 7:21, Marvin Degon (MIN) for Hooking (Minor) at 11:27, Trevor Van Riemsdyk (WIN) for Hooking (Minor) at 12:25

2nd period

4. Wild , Jason Pominville 2 (Matt Duchene 3, Andy Greene 8) at 3:59
5. Jets , Josh Bailey 3 (Tyler Ennis 10, Ryan Ellis 5) at 5:09
6. Jets , Josh Bailey 4 (Mark Fraser 3, *Nico Hischier 4) at 10:27
7. Wild , Leon Draisaitl 5 (Matt Duchene 4, Tim Conboy 3) at 14:06 (PP)

Penalties :
Gustav Nyquist (WIN) for Slashing (Minor) at 1:01, Ian White (MIN) for Holding (Minor) at 3:43, Randall Gelech (WIN) for Unsportsmanlike conduct (Minor) at 3:43, Ryan Ellis (WIN) for Hooking (Minor) at 13:48

3rd period

8. Wild , Jason Pominville 3 (Marvin Degon 5, Nicolas Blanchard 2) at 5:52
9. Jets , Tomas Surovy 1 (Brent Aubin 11, Mark Fraser 4) at 14:06
10. Jets , Jake Muzzin 3 (Gustav Nyquist 5, Sam Reinhart 3) at 15:15 (PP)

Penalties :
Dylan Hunter (MIN) for Holding (Minor) at 3:46, Leon Draisaitl (MIN) for Hooking (Minor) at 6:01, Randall Gelech (WIN) for Elbowing (Minor) at 6:01, Anton Volchenkov (MIN) for High sticking (Minor) at 14:52

Goalie Stats

Sergei Bobrovsky (WIN), 29 saves from 33 shots - (0,879), W, 3-3-2, 60:00 minutes
John Gibson (MIN), 25 saves from 31 shots - (0,806), L, 4-2-1, 60:00 minutes

Players Stats for Jets

Player Name              G  A  P  +/- PIM S  H  SB GA TA FO     MP     PP MP  PK MP  
------------------------------------------------------------------------------------
*Nico Hischier           0  1  1   1  0   1  2  0  0  0  10/22  18:45   0:00   0:00 
Anthony Beauvillier      0  0  0   2  0   2  0  0  0  0  10/15  11:39   0:00   1:02 
Brent Aubin              0  2  2   1  0   1  2  1  0  0  0/0    17:11   1:42   2:49 
Brett Kulak              0  0  0   1  0   0  0  0  0  0  0/0    12:06   0:00   0:06 
Gustav Nyquist           0  1  1   1  2   3  0  0  0  0  0/0    18:46   1:05   0:00 
Jake Muzzin              1  0  1  -1  0   1  3  3  0  0  0/0    23:09   1:42   2:43 
Josh Bailey              2  0  2   2  0   4  2  1  0  0  2/5    22:29   1:33   2:16 
Marc-Edouard Vlasic      0  1  1   1  0   1  1  1  0  0  0/0    24:45   0:56   3:26 
Mark Fraser              1  2  3   1  0   1  0  0  0  0  0/0    12:00   0:00   0:00 
Mike Fisher              0  0  0  -2  0   3  1  0  0  0  15/34  21:23   1:33   3:45 
Raffi Torres             0  0  0   0  0   0  0  0  0  0  0/0     0:00   0:00   0:00 
Randall Gelech           0  0  0  -1  4   2  0  1  0  0  0/0     5:43   0:00   0:00 
Ryan Ellis               0  2  2   1  2   3  1  2  0  0  0/0    24:44   0:56   3:26 
Sam Reinhart             0  1  1  -2  0   2  0  0  0  0  4/12   19:55   1:05   0:00 
Tim Jackman              0  0  0  -1  0   0  0  0  0  0  0/0     5:45   0:00   0:00 
Tomas Surovy             1  1  2   1  0   4  5  0  0  0  3/6    19:09   1:33   3:59 
Trevor Van Riemsdyk      0  0  0   0  2   1  1  1  0  0  0/0    15:37   0:00   0:00 
Tyler Ennis              1  1  2   0  2   2  3  1  0  0  2/3    16:35   1:05   1:28 

Players Stats for Wild

Player Name              G  A  P  +/- PIM S  H  SB GA TA FO     MP     PP MP  PK MP  
------------------------------------------------------------------------------------
Andy Greene              0  1  1  -1  0   1  0  1  0  0  0/0    26:45   3:20   1:28 
Anton Volchenkov         0  0  0  -1  2   1  3  1  0  0  0/0    13:39   0:00   1:14 
Colin Wilson             0  0  0  -1  0   0  0  0  0  0  0/0     4:38   0:00   0:00 
Drew Miller              0  0  0  -1  0   1  0  0  0  0  5/17    9:54   0:00   0:00 
Dylan Hunter             0  0  0  -1  2   2  9  0  0  0  2/4    18:25   2:55   0:00 
Ian White                0  0  0  -1  2   0  4  2  0  0  0/0    18:00   0:00   0:00 
Jason Pominville         2  1  3   2  0   8  0  0  0  0  1/2    22:38   3:20   0:00 
Johan Franzen            0  0  0  -1  0   1  1  1  0  0  0/0    11:49   0:00   1:21 
Leon Draisaitl           1  0  1   2  2   3  2  0  0  0  3/3    21:02   3:20   0:00 
Mark Stone               0  0  0  -1  0   2  0  0  0  0  0/1    19:43   2:55   1:17 
Marvin Degon             0  1  1   1  2   2  2  1  0  0  0/0    21:55   2:55   1:10 
Matt Duchene             1  2  3   2  0   4  1  0  0  0  17/27  22:38   3:20   0:00 
Mikko Koivu              0  0  0  -1  0   3  0  1  0  0  12/27  20:12   2:55   0:00 
Nicolas Blanchard        0  1  1  -1  0   1  0  0  0  0  0/0     5:55   0:00   1:17 
Paul Ranger              0  0  0   1  0   0  1  2  0  0  0/0    21:58   2:55   1:10 
Peter Olvecky            0  0  0  -1  0   1  3  0  0  0  0/0     9:54   0:00   0:00 
Radek Faksa              0  0  0  -1  0   2  0  0  0  0  11/16   6:34   0:00   1:21 
Tim Conboy               0  1  1  -1  0   1  1  1  0  0  0/0    17:40   3:20   0:14 

3 Stars

1 - Josh Bailey (WIN)
2 - Jason Pominville (MIN)
3 - Tomas Surovy (WIN)

Power Play

Jets - 2 on 3 Attempt(s) - 66,67%
Wild - 1 on 4 Attempt(s) - 25,00%

Penalty Kill

Jets - 3 on 4 Attempt(s) - 75,00% - Score 0 goal in Penalty Kill
Wild - 1 on 3 Attempt(s) - 33,33% - Score 0 goal in Penalty Kill

Team Stat

Jets - Hits : 21 - Faceoff Wins : 46 - Blocked Shots : 11 - Penalty Minutes : 12
Wild - Hits : 27 - Faceoff Wins : 51 - Blocked Shots : 10 - Penalty Minutes : 10

Official

Referees : Cameron Voss and Ghislain Hebert
Linesman : Kevin Keenan and Matt Jolliff

Game Notes

Tim Conboy is injured at 15:06 of 3rd period (Upper Body)

Finance

Level 1 -- Attendance: 5600 (93,33%) -- Ticket Income 560 000 $
Level 2 -- Attendance: 5000 (100,00%) -- Ticket Income 300 000 $
Level 3 -- Attendance: 2000 (100,00%) -- Ticket Income 70 000 $
Level 4 -- Attendance: 4000 (100,00%) -- Ticket Income 80 000 $
Luxury Box -- Attendance: 1799 (98,09%) -- Ticket Income 359 800 $
Game was played at the Xcel Energy Center.
Total Attendance: 18399 (97,69%)
Total Ticket Income: 1 369 800 $
Other Income: 671 202 $
Total Income: 2 041 002 $

Jets

5 vs 5 Forward 
   Center                   Left Wing                Right Wing               Time % Phy DF OF 
 1 *Nico Hischier           Gustav Nyquist           Josh Bailey              40     1   1  3  
 2 Mike Fisher              Tyler Ennis              Sam Reinhart             33     1   1  3  
 3 Anthony Beauvillier      Tomas Surovy             Brent Aubin              20     1   2  2  
 4 Sam Reinhart             Randall Gelech           Tim Jackman              7      1   2  2  

5 vs 5 Defense 
   Defense                  Defense                                           Time % Phy DF OF 
 1 Marc-Edouard Vlasic      Ryan Ellis                                        40     1   2  2  
 2 Jake Muzzin              Trevor Van Riemsdyk                               36     1   2  2  
 3 Mark Fraser              Brett Kulak                                       17     1   2  2  
 4 Jake Muzzin              Brent Aubin                                       7      1   2  2  

PowerPlay Forward 
   Center                   Left Wing                Right Wing               Time % Phy DF OF 
 1 Mike Fisher              Tomas Surovy             Josh Bailey              60     1   2  2  
 2 Tyler Ennis              Gustav Nyquist           Sam Reinhart             40     1   2  2  

PowerPlay Defense
   Defense                  Defense                                           Time % Phy DF OF 
 1 Brent Aubin              Jake Muzzin                                       60     1   2  2  
 2 Ryan Ellis               Marc-Edouard Vlasic                               40     1   2  2  

Penalty Kill 4 Players Forward 
   Center                   Wing                     Time % Phy DF OF 
 1 Mike Fisher              Tomas Surovy             60     1   2  2  
 2 Josh Bailey              Tyler Ennis              40     1   2  2  

Penalty Kill 4 Players Defense
   Defense                  Defense                  Time % Phy DF OF 
 1 Brent Aubin              Jake Muzzin              60     1   2  2  
 2 Ryan Ellis               Marc-Edouard Vlasic      40     1   2  2  

Penalty Kill - 3 Players Forward 
   Forward                                           Time % Phy DF OF 
 1 Mike Fisher                                       60     1   2  2  
 2 Tomas Surovy                                      40     1   2  2  

Penalty Kill - 3 Players Defense
   Defense                  Defense                  Time % Phy DF OF 
 1 Brent Aubin              Jake Muzzin              60     1   2  2  
 2 Ryan Ellis               Marc-Edouard Vlasic      40     1   2  2  

4 vs 4 Forward 
   Center                   Wing                     Time % Phy DF OF 
 1 Mike Fisher              Tomas Surovy             60     1   2  2  
 2 Josh Bailey              Tyler Ennis              40     1   2  2  

4 vs 4 Defense
   Defense                  Defense                  Time % Phy DF OF 
 1 Brent Aubin              Jake Muzzin              60     1   2  2  
 2 Ryan Ellis               Marc-Edouard Vlasic      40     1   2  2  

Last Minutes Offensive
   Center                   Left Wing                Right Wing               Defense                  Defense                  
   Mike Fisher              Tomas Surovy             Josh Bailey              Brent Aubin              Jake Muzzin              

Last Minutes Defensive
   Center                   Left Wing                Right Wing               Defense                  Defense                  
   Mike Fisher              Tomas Surovy             Josh Bailey              Brent Aubin              Jake Muzzin              

Goaltenders
Starting : Sergei Bobrovsky         
Backup : Marc Denis               

Extra Forwards
Normal : Randall Gelech, *Nico Hischier, Anthony Beauvillier - PP : Randall Gelech, *Nico Hischier - PK : Anthony Beauvillier
Extra Defensemen
Normal : Mark Fraser, Trevor Van Riemsdyk, Brett Kulak - PP : Mark Fraser - PK : Trevor Van Riemsdyk, Brett Kulak
Penalty Shots
Mike Fisher, Tomas Surovy, Brent Aubin, Josh Bailey, Tyler Ennis
Custom OT Lines Forwards
Mike Fisher, Tomas Surovy, Brent Aubin, Josh Bailey, Tyler Ennis, Gustav Nyquist, Sam Reinhart, Randall Gelech, *Nico Hischier, Anthony Beauvillier
Custom OT Lines Defensemen
Brent Aubin, Jake Muzzin, Ryan Ellis, Marc-Edouard Vlasic, Mark Fraser

Scratches
None

Wild

5 vs 5 Forward 
   Center                   Left Wing                Right Wing               Time % Phy DF OF 
 1 Matt Duchene             Leon Draisaitl           Jason Pominville         36     0   2  3  
 2 Mikko Koivu              Dylan Hunter             Mark Stone               34     0   2  3  
 3 Drew Miller              Johan Franzen            Peter Olvecky            20     0   2  3  
 4 Radek Faksa              Nicolas Blanchard        Colin Wilson             10     0   3  2  

5 vs 5 Defense 
   Defense                  Defense                                           Time % Phy DF OF 
 1 Andy Greene              Ian White                                         36     1   2  2  
 2 Paul Ranger              Marvin Degon                                      32     1   2  2  
 3 Anton Volchenkov         Tim Conboy                                        22     1   2  2  
 4 Andy Greene              Ian White                                         10     1   2  2  

PowerPlay Forward 
   Center                   Left Wing                Right Wing               Time % Phy DF OF 
 1 Matt Duchene             Leon Draisaitl           Jason Pominville         53     0   0  5  
 2 Mikko Koivu              Dylan Hunter             Mark Stone               47     0   0  5  

PowerPlay Defense
   Defense                  Defense                                           Time % Phy DF OF 
 1 Andy Greene              Tim Conboy                                        54     0   2  3  
 2 Paul Ranger              Marvin Degon                                      46     0   2  3  

Penalty Kill 4 Players Forward 
   Center                   Wing                     Time % Phy DF OF 
 1 Radek Faksa              Johan Franzen            52     0   4  1  
 2 Nicolas Blanchard        Mark Stone               48     0   4  1  

Penalty Kill 4 Players Defense
   Defense                  Defense                  Time % Phy DF OF 
 1 Andy Greene              Anton Volchenkov         53     0   4  1  
 2 Paul Ranger              Marvin Degon             47     0   4  1  

Penalty Kill - 3 Players Forward 
   Forward                                           Time % Phy DF OF 
 1 Radek Faksa                                       51     0   4  1  
 2 Nicolas Blanchard                                 49     0   4  1  

Penalty Kill - 3 Players Defense
   Defense                  Defense                  Time % Phy DF OF 
 1 Andy Greene              Anton Volchenkov         52     0   5  0  
 2 Paul Ranger              Marvin Degon             48     0   5  0  

4 vs 4 Forward 
   Center                   Wing                     Time % Phy DF OF 
 1 Matt Duchene             Jason Pominville         51     0   2  3  
 2 Mikko Koivu              Leon Draisaitl           49     0   2  3  

4 vs 4 Defense
   Defense                  Defense                  Time % Phy DF OF 
 1 Andy Greene              Tim Conboy               52     0   2  3  
 2 Paul Ranger              Marvin Degon             48     0   2  3  

Last Minutes Offensive
   Center                   Left Wing                Right Wing               Defense                  Defense                  
   Matt Duchene             Leon Draisaitl           Jason Pominville         Marvin Degon             Tim Conboy               

Last Minutes Defensive
   Center                   Left Wing                Right Wing               Defense                  Defense                  
   Matt Duchene             Johan Franzen            Mark Stone               Andy Greene              Ian White                

Goaltenders
Starting : John Gibson              
Backup : Josh Harding             

Extra Forwards
Normal : Radek Faksa, Johan Franzen, Drew Miller - PP : Radek Faksa, Johan Franzen - PK : Drew Miller
Extra Defensemen
Normal : Anton Volchenkov, Tim Conboy, Paul Ranger - PP : Anton Volchenkov - PK : Tim Conboy, Paul Ranger
Penalty Shots
Jason Pominville, Matt Duchene, Mikko Koivu, Mark Stone, Leon Draisaitl
Custom OT Lines Forwards
Jason Pominville, Matt Duchene, Mikko Koivu, Mark Stone, Leon Draisaitl, Dylan Hunter, Johan Franzen, Drew Miller, Colin Wilson, Peter Olvecky
Custom OT Lines Defensemen
Andy Greene, Ian White, Paul Ranger, Marvin Degon, Anton Volchenkov

Scratches
Mike Komisarek (Healthy), Ryan Hamilton (Healthy), Yann Danis (Healthy)

% Time on Ice - Jets

Lines # - Real PCT - Wanted PCT - Time Play
Normal Forward
1 - 38% - 40% - 17:42
2 - 28% - 33% - 13:05
3 - 23% - 20% - 10:37
4 - 12% - 7% - 5:45
Normal Defense
1 - 38% - 40% - 17:59
2 - 33% - 36% - 15:38
3 - 25% - 17% - 12:00
4 - 3% - 7% - 1:32
PP Forward
1 - 59% - 60% - 1:33
2 - 41% - 40% - 1:05
PP Defense
1 - 65% - 60% - 1:42
2 - 35% - 40% - 0:56
PK Forward
1 - 64% - 60% - 3:59
2 - 36% - 40% - 2:16
PK Defense
1 - 45% - 60% - 2:49
2 - 55% - 40% - 3:26
PK3 Forward
1 - 0% - 60%
2 - 0% - 40%
PK3 Defense
1 - 0% - 60%
2 - 0% - 40%
44 Forward
1 - 76% - 60% - 3:00
2 - 24% - 40% - 0:58
44 Defense
1 - 39% - 60% - 1:34
2 - 61% - 40% - 2:24
Last Minute Offensive  - 0:00
Last Minute Defensive  - 0:00
Total
Forward - 60:00
Defense - 60:00

% Time on Ice - Wild

Lines # - Real PCT - Wanted PCT - Time Play
Normal Forward
1 - 36% - 36% - 17:06
2 - 33% - 34% - 15:31
3 - 21% - 20% - 9:54
4 - 10% - 10% - 4:38
Normal Defense
1 - 36% - 36% - 16:47
2 - 35% - 32% - 16:42
3 - 26% - 22% - 12:26
4 - 3% - 10% - 1:14
PP Forward
1 - 53% - 53% - 3:20
2 - 47% - 47% - 2:55
PP Defense
1 - 53% - 54% - 3:20
2 - 47% - 46% - 2:55
PK Forward
1 - 51% - 52% - 1:21
2 - 49% - 48% - 1:17
PK Defense
1 - 56% - 53% - 1:28
2 - 44% - 47% - 1:10
PK3 Forward
1 - 0% - 51%
2 - 0% - 49%
PK3 Defense
1 - 0% - 52%
2 - 0% - 48%
44 Forward
1 - 55% - 51% - 2:12
2 - 45% - 49% - 1:46
44 Defense
1 - 71% - 52% - 2:49
2 - 29% - 48% - 1:09
Last Minute Offensive  - 0:00
Last Minute Defensive  - 0:00
Total
Forward - 60:00
Defense - 60:00

Play by Play

1st period


0:01 of 1st period - Matt Duchene wins face-off versus *Nico Hischier in neutral zone.
1:04 of 1st period - Matt Duchene is hit by *Nico Hischier and loses puck.
1:26 of 1st period - Icing by Trevor Van Riemsdyk.
1:27 of 1st period - Mikko Koivu wins face-off versus Mike Fisher in Jets zone.
1:32 of 1st period - Shot by Mikko Koivu.
1:32 of 1st period - Shot Misses the Net.
1:35 of 1st period - Dylan Hunter is hit by Jake Muzzin and loses puck.
1:48 of 1st period - Shot by Mark Stone.
1:48 of 1st period - Shot Blocked by Jake Muzzin.
1:50 of 1st period - Shot by Mark Stone.
1:50 of 1st period - Stopped by Sergei Bobrovsky without a rebound.
1:51 of 1st period - Drew Miller wins face-off versus Anthony Beauvillier in Jets zone.
1:52 of 1st period - Shot by Tim Conboy.
1:52 of 1st period - Stopped by Sergei Bobrovsky without a rebound.
1:53 of 1st period - Anthony Beauvillier wins face-off versus Drew Miller in Jets zone.
1:53 of 1st period - Anthony Beauvillier is hit by Peter Olvecky.
1:59 of 1st period - Shot by Tomas Surovy.
1:59 of 1st period - Stopped by John Gibson without a rebound.
2:00 of 1st period - Anthony Beauvillier wins face-off versus Drew Miller in Wild zone.
2:15 of 1st period - Shot by Anthony Beauvillier.
2:15 of 1st period - Stopped by John Gibson without a rebound.
2:16 of 1st period - Mikko Koivu wins face-off versus Sam Reinhart in Wild zone.
2:21 of 1st period - Shot by Sam Reinhart.
2:21 of 1st period - Shot Hit the Post.
2:23 of 1st period - Shot by Sam Reinhart.
2:23 of 1st period - Shot Blocked by Marvin Degon.
2:33 of 1st period - Shot by Trevor Van Riemsdyk.
2:33 of 1st period - Shot Misses the Net.
2:35 of 1st period - Shot by Randall Gelech.
2:35 of 1st period - Stopped by John Gibson without a rebound.
2:36 of 1st period - Tomas Surovy wins face-off versus Radek Faksa in Wild zone.
2:45 of 1st period - Shot by Tomas Surovy.
2:45 of 1st period - Shot Blocked by Ian White.
2:47 of 1st period - Shot by Brent Aubin.
2:47 of 1st period - Shot Misses the Net.
2:49 of 1st period - Shot by Mark Fraser.
2:49 of 1st period - Goal by Mark Fraser - Jets : 1 - Wild : 0.
2:50 of 1st period - Mike Fisher wins face-off versus Mikko Koivu in neutral zone.
2:50 of 1st period - Jake Muzzin is hit by Dylan Hunter.
3:00 of 1st period - Shot by Mikko Koivu.
3:00 of 1st period - Stopped by Sergei Bobrovsky without a rebound.
3:01 of 1st period - Drew Miller wins face-off versus *Nico Hischier in Jets zone.
3:02 of 1st period - Shot by Marvin Degon.
3:02 of 1st period - Shot Misses the Net.
3:04 of 1st period - Shot by Johan Franzen.
3:04 of 1st period - Stopped by Sergei Bobrovsky without a rebound.
3:05 of 1st period - Mike Fisher wins face-off versus Drew Miller in Jets zone.
3:16 of 1st period - Shot by Mike Fisher.
3:16 of 1st period - Shot Blocked by Paul Ranger.
3:29 of 1st period - Icing by Peter Olvecky.
3:30 of 1st period - *Nico Hischier wins face-off versus Drew Miller in Wild zone.
4:06 of 1st period - Ryan Ellis is hit by Anton Volchenkov and loses puck.
4:10 of 1st period - Icing by Dylan Hunter.
4:11 of 1st period - Anthony Beauvillier wins face-off versus Mark Stone in Wild zone.
4:38 of 1st period - Shot by Mikko Koivu.
4:38 of 1st period - Stopped by Sergei Bobrovsky without a rebound.
4:39 of 1st period - Matt Duchene wins face-off versus Mike Fisher in Jets zone.
4:40 of 1st period - Shot by Jason Pominville.
4:40 of 1st period - Deflect By Matt Duchene.
4:40 of 1st period - Stopped by Sergei Bobrovsky with a rebound.
4:59 of 1st period - Shot by Sam Reinhart.
4:59 of 1st period - Shot Misses the Net.
5:01 of 1st period - Shot by Mike Fisher.
5:01 of 1st period - Shot Misses the Net.
5:03 of 1st period - Shot by Sam Reinhart.
5:03 of 1st period - Stopped by John Gibson without a rebound.
5:04 of 1st period - *Nico Hischier wins face-off versus Radek Faksa in Wild zone.
5:10 of 1st period - Icing by Paul Ranger.
5:11 of 1st period - Radek Faksa wins face-off versus *Nico Hischier in Wild zone.
5:20 of 1st period - Shot by Radek Faksa.
5:20 of 1st period - Stopped by Sergei Bobrovsky without a rebound.
5:21 of 1st period - Mike Fisher wins face-off versus Mikko Koivu in Jets zone.
5:21 of 1st period - Mike Fisher is hit by Dylan Hunter.
5:31 of 1st period - Icing by Ian White.
5:32 of 1st period - Mikko Koivu wins face-off versus *Nico Hischier in Wild zone.
6:36 of 1st period - Matt Duchene is hit by Josh Bailey.
7:15 of 1st period - Icing by Jason Pominville.
7:16 of 1st period - Matt Duchene wins face-off versus Mike Fisher in Wild zone.
7:16 of 1st period - Matt Duchene is hit by Tyler Ennis.
7:21 of 1st period - Minor Penalty to Tyler Ennis for Tripping.
7:22 of 1st period - Mike Fisher wins face-off versus Mikko Koivu in Jets zone.
7:22 of 1st period - Ryan Ellis is hit by Dylan Hunter and loses puck.
7:35 of 1st period - Shot by Marvin Degon.
7:35 of 1st period - Stopped by Sergei Bobrovsky without a rebound.
7:36 of 1st period - Mikko Koivu wins face-off versus Mike Fisher in Jets zone.
8:02 of 1st period - Mikko Koivu is hit by Marc-Edouard Vlasic and loses puck.
8:05 of 1st period - Shot by Mark Stone.
8:05 of 1st period - Shot Misses the Net.
8:07 of 1st period - Shot by Marvin Degon.
8:07 of 1st period - Shot Misses the Net.
8:24 of 1st period - Icing by Matt Duchene.
8:25 of 1st period - Matt Duchene wins face-off versus Josh Bailey in Wild zone.
8:39 of 1st period - Shot by Jason Pominville.
8:39 of 1st period - Stopped by Sergei Bobrovsky without a rebound.
8:40 of 1st period - Mike Fisher wins face-off versus Matt Duchene in Jets zone.
8:40 of 1st period - Mike Fisher is hit by Leon Draisaitl.
9:58 of 1st period - Shot by Drew Miller.
9:58 of 1st period - Stopped by Sergei Bobrovsky without a rebound.
9:59 of 1st period - Tomas Surovy wins face-off versus Mikko Koivu in Jets zone.
9:59 of 1st period - Tomas Surovy is hit by Dylan Hunter.
10:09 of 1st period - Mark Stone is hit by Tomas Surovy and loses puck.
10:43 of 1st period - Mark Stone is hit by Brent Aubin and loses puck.
10:51 of 1st period - Icing by Brent Aubin.
10:52 of 1st period - Anthony Beauvillier wins face-off versus Matt Duchene in Jets zone.
11:10 of 1st period - Sam Reinhart is hit by Matt Duchene and loses puck.
11:14 of 1st period - Marc-Edouard Vlasic is hit by Paul Ranger.
11:27 of 1st period - Minor Penalty to Marvin Degon for Hooking.
11:28 of 1st period - Radek Faksa wins face-off versus Sam Reinhart in Wild zone.
11:41 of 1st period - Shot by Ryan Ellis.
11:41 of 1st period - Shot Misses the Net.
11:43 of 1st period - Shot by Tyler Ennis.
11:43 of 1st period - Goal by Tyler Ennis - Jets : 2 - Wild : 0.
11:44 of 1st period - Sam Reinhart wins face-off versus Mikko Koivu in neutral zone.
11:46 of 1st period - Mark Fraser is hit by Dylan Hunter and loses puck.
12:09 of 1st period - Shot by Dylan Hunter.
12:09 of 1st period - Stopped by Sergei Bobrovsky without a rebound.
12:10 of 1st period - Matt Duchene wins face-off versus *Nico Hischier in Jets zone.
12:23 of 1st period - Shot by Jason Pominville.
12:23 of 1st period - Deflect By Matt Duchene.
12:23 of 1st period - Stopped by Sergei Bobrovsky without a rebound.
12:24 of 1st period - Radek Faksa wins face-off versus Tomas Surovy in Jets zone.
12:24 of 1st period - Radek Faksa is hit by Jake Muzzin.
12:25 of 1st period - Minor Penalty to Trevor Van Riemsdyk for Hooking.
12:26 of 1st period - Matt Duchene wins face-off versus Mike Fisher in Jets zone.
12:35 of 1st period - Shot by Andy Greene.
12:35 of 1st period - Shot Misses the Net.
12:37 of 1st period - Shot by Andy Greene.
12:37 of 1st period - Shot Blocked by Brent Aubin.
12:43 of 1st period - Shot by Jason Pominville.
12:43 of 1st period - Shot Misses the Net.
13:39 of 1st period - Shot by Dylan Hunter.
13:39 of 1st period - Stopped by Sergei Bobrovsky without a rebound.
13:40 of 1st period - Mikko Koivu wins face-off versus Josh Bailey in Jets zone.
13:52 of 1st period - Shot by Dylan Hunter.
13:52 of 1st period - Shot Misses the Net.
13:54 of 1st period - Shot by Marvin Degon.
13:54 of 1st period - Stopped by Sergei Bobrovsky with a rebound.
14:16 of 1st period - Shot by Dylan Hunter.
14:16 of 1st period - Deflect By Mark Stone.
14:16 of 1st period - Shot Blocked by Ryan Ellis.
14:33 of 1st period - Randall Gelech is hit by Ian White and loses puck.
14:49 of 1st period - Icing by Drew Miller.
14:50 of 1st period - Anthony Beauvillier wins face-off versus Drew Miller in Wild zone.
15:08 of 1st period - Ian White is hit by Tomas Surovy and loses puck.
15:12 of 1st period - Off-side.
15:13 of 1st period - *Nico Hischier wins face-off versus Matt Duchene in neutral zone.
15:20 of 1st period - Shot by *Nico Hischier.
15:20 of 1st period - Deflect By Gustav Nyquist.
15:20 of 1st period - Shot Misses the Net.
15:29 of 1st period - Shot by *Nico Hischier.
15:29 of 1st period - Shot Misses the Net.
15:31 of 1st period - Shot by *Nico Hischier.
15:31 of 1st period - Shot Misses the Net.
15:35 of 1st period - Shot by Gustav Nyquist.
15:35 of 1st period - Stopped by John Gibson without a rebound.
15:36 of 1st period - Dylan Hunter wins face-off versus Mike Fisher in Wild zone.
15:36 of 1st period - Dylan Hunter is hit by Tyler Ennis.
15:51 of 1st period - Shot by Mike Fisher.
15:51 of 1st period - Stopped by John Gibson without a rebound.
15:52 of 1st period - Leon Draisaitl wins face-off versus *Nico Hischier in Wild zone.
16:01 of 1st period - Shot by Jason Pominville.
16:01 of 1st period - Stopped by Sergei Bobrovsky without a rebound.
16:02 of 1st period - Mike Fisher wins face-off versus Mikko Koivu in Jets zone.
16:55 of 1st period - Off-side.
16:56 of 1st period - *Nico Hischier wins face-off versus Matt Duchene in neutral zone.
17:03 of 1st period - Shot by Jason Pominville.
17:03 of 1st period - Shot Misses the Net.
17:51 of 1st period - Icing by Jason Pominville.
17:52 of 1st period - Leon Draisaitl wins face-off versus Anthony Beauvillier in Wild zone.
17:52 of 1st period - Leon Draisaitl is hit by Brent Aubin.
18:34 of 1st period - Shot by Tomas Surovy.
18:34 of 1st period - Shot Misses the Net.
18:36 of 1st period - Shot by Brent Aubin.
18:36 of 1st period - Shot Misses the Net.
18:59 of 1st period - Off-side.
19:00 of 1st period - Mikko Koivu wins face-off versus *Nico Hischier in neutral zone.
19:16 of 1st period - Icing by Andy Greene.
19:17 of 1st period - Mikko Koivu wins face-off versus Mike Fisher in Wild zone.
19:37 of 1st period - Icing by Sam Reinhart.
19:38 of 1st period - Matt Duchene wins face-off versus Mike Fisher in Jets zone.
19:45 of 1st period - Shot by Matt Duchene.
19:45 of 1st period - Goal by Matt Duchene - Jets : 2 - Wild : 1.
19:46 of 1st period - *Nico Hischier wins face-off versus Matt Duchene in neutral zone.
Goals for this period are 2 for Jets vs 1 for Wild.
Shots for this period are 8 for Jets vs 16 for Wild.

2nd period


0:01 of 2nd period - Matt Duchene wins face-off versus Mike Fisher in neutral zone.
0:24 of 2nd period - Marc-Edouard Vlasic is hit by Ian White and loses puck.
1:01 of 2nd period - Minor Penalty to Gustav Nyquist for Slashing.
1:02 of 2nd period - Mike Fisher wins face-off versus Mikko Koivu in Jets zone.
1:02 of 2nd period - Mike Fisher is hit by Dylan Hunter.
1:47 of 2nd period - Icing by Mikko Koivu.
1:48 of 2nd period - Mikko Koivu wins face-off versus Mike Fisher in Wild zone.
2:06 of 2nd period - Icing by Jason Pominville.
2:07 of 2nd period - Josh Bailey wins face-off versus Matt Duchene in Wild zone.
3:03 of 2nd period - Icing by Marvin Degon.
3:04 of 2nd period - Drew Miller wins face-off versus *Nico Hischier in Wild zone.
3:23 of 2nd period - Shot by Drew Miller.
3:23 of 2nd period - Shot Misses the Net.
3:41 of 2nd period - Shot by Josh Bailey.
3:41 of 2nd period - Stopped by John Gibson without a rebound.
3:42 of 2nd period - Sam Reinhart wins face-off versus Mikko Koivu in Wild zone.
3:42 of 2nd period - Sam Reinhart is hit by Ian White.
3:43 of 2nd period - Minor Penalty to Ian White for Holding.
3:43 of 2nd period - Minor Penalty to Randall Gelech for Unsportsmanlike conduct.
3:44 of 2nd period - Matt Duchene wins face-off versus Mike Fisher in Wild zone.
3:55 of 2nd period - Shot by Jason Pominville.
3:55 of 2nd period - Shot Misses the Net.
3:59 of 2nd period - Shot by Matt Duchene.
3:59 of 2nd period - Deflect By Jason Pominville.
3:59 of 2nd period - Goal by Jason Pominville - Jets : 2 - Wild : 2.
4:00 of 2nd period - Mike Fisher wins face-off versus Mikko Koivu in neutral zone.
4:03 of 2nd period - Shot by Ryan Ellis.
4:03 of 2nd period - Stopped by John Gibson without a rebound.
4:04 of 2nd period - Mike Fisher wins face-off versus Matt Duchene in Wild zone.
4:24 of 2nd period - Shot by Mike Fisher.
4:24 of 2nd period - Shot Misses the Net.
4:40 of 2nd period - Shot by Tomas Surovy.
4:40 of 2nd period - Shot Hit the Post.
5:05 of 2nd period - Shot by Josh Bailey.
5:05 of 2nd period - Shot Misses the Net.
5:07 of 2nd period - Shot by Ryan Ellis.
5:07 of 2nd period - Stopped by John Gibson with a rebound.
5:09 of 2nd period - Shot by Tyler Ennis.
5:09 of 2nd period - Deflect By Josh Bailey.
5:09 of 2nd period - Goal by Josh Bailey - Jets : 3 - Wild : 2.
5:10 of 2nd period - Mike Fisher wins face-off versus Mikko Koivu in neutral zone.
6:36 of 2nd period - Icing by Drew Miller.
6:37 of 2nd period - Drew Miller wins face-off versus Sam Reinhart in Wild zone.
6:41 of 2nd period - Andy Greene is hit by Trevor Van Riemsdyk and loses puck.
6:52 of 2nd period - Shot by Sam Reinhart.
6:52 of 2nd period - Shot Blocked by Mikko Koivu.
7:00 of 2nd period - Shot by Dylan Hunter.
7:00 of 2nd period - Shot Misses the Net.
7:02 of 2nd period - Shot by Paul Ranger.
7:02 of 2nd period - Shot Misses the Net.
7:04 of 2nd period - Shot by Mikko Koivu.
7:04 of 2nd period - Shot Hit the Post.
7:06 of 2nd period - Shot by Paul Ranger.
7:06 of 2nd period - Shot Blocked by Trevor Van Riemsdyk.
7:08 of 2nd period - Shot by Dylan Hunter.
7:08 of 2nd period - Shot Blocked by Randall Gelech.
7:10 of 2nd period - Shot by Mark Stone.
7:10 of 2nd period - Stopped by Sergei Bobrovsky with a rebound.
7:26 of 2nd period - Shot by Mikko Koivu.
7:26 of 2nd period - Shot Misses the Net.
7:53 of 2nd period - Tomas Surovy is hit by Anton Volchenkov and loses puck.
8:00 of 2nd period - Shot by Anthony Beauvillier.
8:00 of 2nd period - Stopped by John Gibson without a rebound.
8:01 of 2nd period - Radek Faksa wins face-off versus *Nico Hischier in Wild zone.
8:34 of 2nd period - Shot by *Nico Hischier.
8:34 of 2nd period - Shot Misses the Net.
9:25 of 2nd period - Leon Draisaitl is hit by Ryan Ellis.
9:27 of 2nd period - Shot by Matt Duchene.
9:27 of 2nd period - Stopped by Sergei Bobrovsky with a rebound.
9:43 of 2nd period - Icing by Paul Ranger.
9:44 of 2nd period - Matt Duchene wins face-off versus Mike Fisher in Wild zone.
9:44 of 2nd period - Leon Draisaitl is hit by Tyler Ennis.
9:58 of 2nd period - Shot by Mike Fisher.
9:58 of 2nd period - Stopped by John Gibson without a rebound.
9:59 of 2nd period - *Nico Hischier wins face-off versus Dylan Hunter in Wild zone.
10:21 of 2nd period - Shot by *Nico Hischier.
10:21 of 2nd period - Shot Blocked by Ian White.
10:27 of 2nd period - Shot by Josh Bailey.
10:27 of 2nd period - Goal by Josh Bailey - Jets : 4 - Wild : 2.
10:28 of 2nd period - Mike Fisher wins face-off versus Drew Miller in neutral zone.
10:35 of 2nd period - Shot by Tyler Ennis.
10:35 of 2nd period - Stopped by John Gibson without a rebound.
10:36 of 2nd period - Matt Duchene wins face-off versus Mike Fisher in Wild zone.
10:36 of 2nd period - Matt Duchene is hit by Mike Fisher.
11:54 of 2nd period - Jake Muzzin is hit by Dylan Hunter and loses puck.
13:08 of 2nd period - Shot by Brent Aubin.
13:08 of 2nd period - Deflect By Tomas Surovy.
13:08 of 2nd period - Shot Misses the Net.
13:27 of 2nd period - Off-side.
13:28 of 2nd period - Matt Duchene wins face-off versus Sam Reinhart in neutral zone.
13:43 of 2nd period - Shot by Matt Duchene.
13:43 of 2nd period - Shot Misses the Net.
13:45 of 2nd period - Shot by Jason Pominville.
13:45 of 2nd period - Stopped by Sergei Bobrovsky with a rebound.
13:47 of 2nd period - Shot by Jason Pominville.
13:47 of 2nd period - Shot Misses the Net.
13:48 of 2nd period - Minor Penalty to Ryan Ellis for Hooking.
13:49 of 2nd period - Jason Pominville wins face-off versus Mike Fisher in Jets zone.
13:50 of 2nd period - Shot by Matt Duchene.
13:50 of 2nd period - Shot Misses the Net.
14:00 of 2nd period - Shot by Jason Pominville.
14:00 of 2nd period - Shot Blocked by Jake Muzzin.
14:02 of 2nd period - Shot by Jason Pominville.
14:02 of 2nd period - Shot Misses the Net.
14:04 of 2nd period - Shot by Tim Conboy.
14:04 of 2nd period - Deflect By Matt Duchene.
14:04 of 2nd period - Shot Misses the Net.
14:06 of 2nd period - Shot by Leon Draisaitl.
14:06 of 2nd period - Goal by Leon Draisaitl - Jets : 4 - Wild : 3.
14:07 of 2nd period - *Nico Hischier wins face-off versus Dylan Hunter in neutral zone.
14:07 of 2nd period - *Nico Hischier is hit by Dylan Hunter.
14:28 of 2nd period - *Nico Hischier is hit by Marvin Degon and loses puck.
15:01 of 2nd period - Shot by Mike Fisher.
15:01 of 2nd period - Shot Misses the Net.
15:14 of 2nd period - Shot by Sam Reinhart.
15:14 of 2nd period - Stopped by John Gibson without a rebound.
15:15 of 2nd period - Matt Duchene wins face-off versus Anthony Beauvillier in Wild zone.
15:42 of 2nd period - Shot by Andy Greene.
15:42 of 2nd period - Stopped by Sergei Bobrovsky without a rebound.
15:43 of 2nd period - Mike Fisher wins face-off versus Drew Miller in Jets zone.
15:43 of 2nd period - Mike Fisher is hit by Johan Franzen.
15:59 of 2nd period - Shot by Drew Miller.
15:59 of 2nd period - Deflect By Peter Olvecky.
15:59 of 2nd period - Shot Misses the Net.
16:26 of 2nd period - Mike Fisher is hit by Tim Conboy and loses puck.
16:49 of 2nd period - Ian White is hit by *Nico Hischier and loses puck.
16:54 of 2nd period - Shot by Gustav Nyquist.
16:54 of 2nd period - Stopped by John Gibson without a rebound.
16:55 of 2nd period - Anthony Beauvillier wins face-off versus Mikko Koivu in Wild zone.
17:28 of 2nd period - Paul Ranger is hit by Tomas Surovy and loses puck.
17:36 of 2nd period - Shot by Mark Stone.
17:36 of 2nd period - Shot Misses the Net.
18:07 of 2nd period - Off-side.
18:08 of 2nd period - Sam Reinhart wins face-off versus Radek Faksa in neutral zone.
18:49 of 2nd period - Shot by Nicolas Blanchard.
18:49 of 2nd period - Stopped by Sergei Bobrovsky without a rebound.
18:50 of 2nd period - Matt Duchene wins face-off versus *Nico Hischier in Jets zone.
19:27 of 2nd period - Shot by Leon Draisaitl.
19:27 of 2nd period - Shot Blocked by Josh Bailey.
19:29 of 2nd period - Shot by Anton Volchenkov.
19:29 of 2nd period - Shot Blocked by Jake Muzzin.
19:50 of 2nd period - Off-side.
19:51 of 2nd period - Mike Fisher wins face-off versus Drew Miller in neutral zone.
19:58 of 2nd period - Shot by Mike Fisher.
19:58 of 2nd period - Stopped by John Gibson without a rebound.
19:59 of 2nd period - Dylan Hunter wins face-off versus Mike Fisher in Wild zone.
Goals for this period are 2 for Jets vs 2 for Wild.
Shots for this period are 11 for Jets vs 7 for Wild.

3rd period


0:01 of 3rd period - Tyler Ennis wins face-off versus Matt Duchene in neutral zone.
0:34 of 3rd period - Shot by Jason Pominville.
0:34 of 3rd period - Stopped by Sergei Bobrovsky with a rebound.
0:36 of 3rd period - Shot by Jason Pominville.
0:36 of 3rd period - Shot Misses the Net.
0:38 of 3rd period - Shot by Jason Pominville.
0:38 of 3rd period - Shot Blocked by Ryan Ellis.
0:40 of 3rd period - Shot by Ian White.
0:40 of 3rd period - Shot Misses the Net.
0:42 of 3rd period - Shot by Matt Duchene.
0:42 of 3rd period - Shot Misses the Net.
0:53 of 3rd period - Sam Reinhart is hit by Dylan Hunter and loses puck.
1:16 of 3rd period - Shot by Josh Bailey.
1:16 of 3rd period - Shot Misses the Net.
1:18 of 3rd period - Shot by *Nico Hischier.
1:18 of 3rd period - Deflect By Gustav Nyquist.
1:18 of 3rd period - Stopped by John Gibson without a rebound.
1:19 of 3rd period - Tomas Surovy wins face-off versus Drew Miller in Wild zone.
1:42 of 3rd period - Shot by Peter Olvecky.
1:42 of 3rd period - Shot Misses the Net.
1:44 of 3rd period - Shot by Anton Volchenkov.
1:44 of 3rd period - Stopped by Sergei Bobrovsky with a rebound.
2:09 of 3rd period - Icing by Andy Greene.
2:10 of 3rd period - Josh Bailey wins face-off versus Mikko Koivu in Wild zone.
2:21 of 3rd period - Shot by *Nico Hischier.
2:21 of 3rd period - Stopped by John Gibson without a rebound.
2:22 of 3rd period - Matt Duchene wins face-off versus Sam Reinhart in Wild zone.
3:33 of 3rd period - Shot by Josh Bailey.
3:33 of 3rd period - Stopped by John Gibson without a rebound.
3:34 of 3rd period - Anthony Beauvillier wins face-off versus Mikko Koivu in Wild zone.
3:35 of 3rd period - Shot by Tomas Surovy.
3:35 of 3rd period - Stopped by John Gibson without a rebound.
3:36 of 3rd period - Mikko Koivu wins face-off versus Anthony Beauvillier in Wild zone.
3:44 of 3rd period - Andy Greene is hit by Tomas Surovy and loses puck.
3:46 of 3rd period - Minor Penalty to Dylan Hunter for Holding.
3:47 of 3rd period - Radek Faksa wins face-off versus Tomas Surovy in Wild zone.
3:47 of 3rd period - Radek Faksa is hit by Tomas Surovy.
4:03 of 3rd period - Shot by Mike Fisher.
4:03 of 3rd period - Deflect By Tomas Surovy.
4:03 of 3rd period - Shot Blocked by Anton Volchenkov.
4:13 of 3rd period - Shot by Brent Aubin.
4:13 of 3rd period - Shot Misses the Net.
4:15 of 3rd period - Shot by Josh Bailey.
4:15 of 3rd period - Shot Misses the Net.
4:17 of 3rd period - Shot by Mike Fisher.
4:17 of 3rd period - Deflect By Tomas Surovy.
4:17 of 3rd period - Stopped by John Gibson without a rebound.
4:18 of 3rd period - Radek Faksa wins face-off versus Tyler Ennis in Wild zone.
4:52 of 3rd period - Shot by Ryan Ellis.
4:52 of 3rd period - Stopped by John Gibson with a rebound.
4:54 of 3rd period - Shot by Marc-Edouard Vlasic.
4:54 of 3rd period - Stopped by John Gibson without a rebound.
4:55 of 3rd period - Radek Faksa wins face-off versus Mike Fisher in Wild zone.
5:16 of 3rd period - Shot by Brent Aubin.
5:16 of 3rd period - Shot Blocked by Paul Ranger.
5:30 of 3rd period - Shot by Tomas Surovy.
5:30 of 3rd period - Shot Misses the Net.
5:52 of 3rd period - Shot by Jason Pominville.
5:52 of 3rd period - Goal by Jason Pominville - Jets : 4 - Wild : 4.
5:53 of 3rd period - Matt Duchene wins face-off versus Sam Reinhart in neutral zone.
5:58 of 3rd period - Shot by Leon Draisaitl.
5:58 of 3rd period - Stopped by Sergei Bobrovsky without a rebound.
5:59 of 3rd period - Sam Reinhart wins face-off versus Matt Duchene in Jets zone.
6:01 of 3rd period - Minor Penalty to Leon Draisaitl for Hooking.
6:01 of 3rd period - Minor Penalty to Randall Gelech for Elbowing.
6:02 of 3rd period - Matt Duchene wins face-off versus Mike Fisher in neutral zone.
7:23 of 3rd period - Shot by Mikko Koivu.
7:23 of 3rd period - Shot Blocked by Marc-Edouard Vlasic.
7:25 of 3rd period - Shot by Mikko Koivu.
7:25 of 3rd period - Stopped by Sergei Bobrovsky without a rebound.
7:26 of 3rd period - Mikko Koivu wins face-off versus Josh Bailey in Jets zone.
7:51 of 3rd period - Shot by Josh Bailey.
7:51 of 3rd period - Shot Blocked by Andy Greene.
8:08 of 3rd period - Icing by Marvin Degon.
8:09 of 3rd period - Radek Faksa wins face-off versus Sam Reinhart in Wild zone.
8:20 of 3rd period - Shot by Radek Faksa.
8:20 of 3rd period - Stopped by Sergei Bobrovsky without a rebound.
8:21 of 3rd period - Leon Draisaitl wins face-off versus *Nico Hischier in Jets zone.
8:47 of 3rd period - Shot by Jason Pominville.
8:47 of 3rd period - Stopped by Sergei Bobrovsky with a rebound.
8:50 of 3rd period - Icing by *Nico Hischier.
8:51 of 3rd period - *Nico Hischier wins face-off versus Drew Miller in Jets zone.
8:51 of 3rd period - *Nico Hischier is hit by Peter Olvecky.
9:14 of 3rd period - Shot by Peter Olvecky.
9:14 of 3rd period - Shot Hit the Post.
9:44 of 3rd period - Mark Stone is hit by Josh Bailey and loses puck.
11:07 of 3rd period - Shot by Leon Draisaitl.
11:07 of 3rd period - Stopped by Sergei Bobrovsky without a rebound.
11:08 of 3rd period - Drew Miller wins face-off versus Sam Reinhart in Jets zone.
11:20 of 3rd period - Shot by Randall Gelech.
11:20 of 3rd period - Shot Misses the Net.
11:24 of 3rd period - Shot by Randall Gelech.
11:24 of 3rd period - Shot Misses the Net.
11:26 of 3rd period - Shot by Marc-Edouard Vlasic.
11:26 of 3rd period - Shot Misses the Net.
11:28 of 3rd period - Shot by Ryan Ellis.
11:28 of 3rd period - Deflect By Randall Gelech.
11:28 of 3rd period - Stopped by John Gibson without a rebound.
11:29 of 3rd period - Anthony Beauvillier wins face-off versus Radek Faksa in Wild zone.
11:38 of 3rd period - Shot by Brent Aubin.
11:38 of 3rd period - Shot Misses the Net.
11:41 of 3rd period - Icing by Tim Conboy.
11:42 of 3rd period - Radek Faksa wins face-off versus Anthony Beauvillier in Wild zone.
11:48 of 3rd period - Icing by Colin Wilson.
11:49 of 3rd period - Radek Faksa wins face-off versus *Nico Hischier in Wild zone.
12:22 of 3rd period - Shot by Trevor Van Riemsdyk.
12:22 of 3rd period - Stopped by John Gibson without a rebound.
12:23 of 3rd period - Mikko Koivu wins face-off versus Mike Fisher in Wild zone.
12:38 of 3rd period - Shot by Mark Stone.
12:38 of 3rd period - Shot Misses the Net.
13:13 of 3rd period - Icing by Mark Stone.
13:14 of 3rd period - *Nico Hischier wins face-off versus Mikko Koivu in Wild zone.
13:45 of 3rd period - Shot by Marvin Degon.
13:45 of 3rd period - Shot Misses the Net.
13:47 of 3rd period - Shot by Jason Pominville.
13:47 of 3rd period - Deflect By Leon Draisaitl.
13:47 of 3rd period - Shot Misses the Net.
13:51 of 3rd period - Shot by Jason Pominville.
13:51 of 3rd period - Stopped by Sergei Bobrovsky without a rebound.
13:52 of 3rd period - Anthony Beauvillier wins face-off versus Drew Miller in Jets zone.
13:58 of 3rd period - Shot by Brent Aubin.
13:58 of 3rd period - Shot Blocked by Johan Franzen.
14:04 of 3rd period - Shot by Brent Aubin.
14:04 of 3rd period - Stopped by John Gibson with a rebound.
14:06 of 3rd period - Shot by Tomas Surovy.
14:06 of 3rd period - Goal by Tomas Surovy - Jets : 5 - Wild : 4.
14:07 of 3rd period - Mike Fisher wins face-off versus Matt Duchene in neutral zone.
14:41 of 3rd period - Icing by Ryan Ellis.
14:42 of 3rd period - Mike Fisher wins face-off versus Drew Miller in Jets zone.
14:46 of 3rd period - Ryan Ellis is hit by Peter Olvecky and loses puck.
14:50 of 3rd period - Mike Fisher is hit by Anton Volchenkov and loses puck.
14:52 of 3rd period - Minor Penalty to Anton Volchenkov for High sticking.
14:53 of 3rd period - Radek Faksa wins face-off versus Tomas Surovy in Wild zone.
15:04 of 3rd period - Shot by Brent Aubin.
15:04 of 3rd period - Shot Misses the Net.
15:06 of 3rd period - Shot by Jake Muzzin.
15:06 of 3rd period - Shot Blocked by Tim Conboy.
15:06 of 3rd period - Tim Conboy from Wild is injured at 15:06 of 3rd period (Upper Body).
15:07 of 3rd period - Tyler Ennis wins face-off versus Radek Faksa in Wild zone.
15:07 of 3rd period - Tyler Ennis is hit by Marvin Degon.
15:09 of 3rd period - Shot by Brent Aubin.
15:09 of 3rd period - Shot Misses the Net.
15:11 of 3rd period - Shot by Gustav Nyquist.
15:11 of 3rd period - Deflect By Sam Reinhart.
15:11 of 3rd period - Shot Misses the Net.
15:13 of 3rd period - Shot by Gustav Nyquist.
15:13 of 3rd period - Shot Misses the Net.
15:15 of 3rd period - Shot by Jake Muzzin.
15:15 of 3rd period - Goal by Jake Muzzin - Jets : 6 - Wild : 4.
15:16 of 3rd period - *Nico Hischier wins face-off versus Mikko Koivu in neutral zone.
15:35 of 3rd period - Shot by Dylan Hunter.
15:35 of 3rd period - Shot Misses the Net.
15:39 of 3rd period - Shot by Mark Stone.
15:39 of 3rd period - Shot Misses the Net.
16:12 of 3rd period - Marc-Edouard Vlasic is hit by Leon Draisaitl and loses puck.
16:46 of 3rd period - Icing by Marvin Degon.
16:47 of 3rd period - Anthony Beauvillier wins face-off versus Jason Pominville in Wild zone.
16:54 of 3rd period - Shot by Tomas Surovy.
16:54 of 3rd period - Shot Misses the Net.
17:12 of 3rd period - Shot by Peter Olvecky.
17:12 of 3rd period - Stopped by Sergei Bobrovsky without a rebound.
17:13 of 3rd period - Mikko Koivu wins face-off versus Mike Fisher in Jets zone.
17:13 of 3rd period - Mikko Koivu is hit by Jake Muzzin.
17:17 of 3rd period - Shot by Mikko Koivu.
17:17 of 3rd period - Shot Blocked by Tyler Ennis.
17:55 of 3rd period - Shot by Tyler Ennis.
17:55 of 3rd period - Shot Misses the Net.
19:09 of 3rd period - Shot by Leon Draisaitl.
19:09 of 3rd period - Shot Misses the Net.
19:24 of 3rd period - Ryan Ellis is hit by Ian White and loses puck.
Goals for this period are 2 for Jets vs 1 for Wild.
Shots for this period are 12 for Jets vs 10 for Wild.